 Dungeon Crawl Stone Soup version 0.31.0-32-g396128a36d (webtiles) character file.

Game seed: 9598114434771695426

2882 AgateBread the Grappler (level 9, 0/74 HPs)
             Began as a Merfolk Shapeshifter on Apr 10, 2024.
             Engulfed by a cloud of steam (7 damage)
             ... on level 7 of the Dungeon.
             The game lasted 00:45:11 (10669 turns).

AgateBread the Grappler (Merfolk Shapeshifter)     Turns: 10669, Time: 00:45:11

Health: 0/74       AC:  0    Str: 17    XL:     9   Next: 76%
Magic:  9/9        EV: 18    Int: 11    God:
Gold:   108        SH:  0    Dex: 13    Spells: 8/8 levels left

rFire   . .          .
                       - Unarmed
rCold   . . .        (shield currently unavailable)
rNeg    . . .        B - melded +1 ring mail {rF+}
rPois   .            (no helmet)
rElec   .            (no cloak)
rCorr   .            (no gloves)
SInv    .            (no boots)
Will    +....        (no amulet)
Stlth   +            h - ring of wizardry
HPRegen 0.32/turn    l - ring of willpower
MPRegen 0.11/turn

%: wizardry (x1)
@: flux-form, glowing
A: glow, contaminating, (nimble swimmer 2), mertail
a: Begin Untransformation


You were on level 7 of the Dungeon.
You were something dangerously unstable.
You visited 2 branches of the dungeon, and saw 8 of its levels.

You collected 302 gold pieces.
You spent 194 gold pieces at shops.

Inventory:

Hand Weapons
 b - a +0 dagger of venom
 g - a +2 dagger of speed
 i - a +3 whip of electrocution
 n - a +2 dagger of venom
Missiles
 e - a dart of dispersal
 q - a throwing net
 A - 15 poisoned darts (quivered)
Armour
 m - a +0 pair of boots
 o - a scarf of shadows
 w - a +0 scale mail
 x - a +0 helmet
 y - a +2 robe of positive energy
 B - a +1 ring mail of fire resistance (melded)
 C - a +0 chain mail
 G - a +0 plate armour
Magical Staves
 s - a staff of air
Jewellery
 h - a ring of wizardry (left hand)
 l - a ring of willpower (right hand)
Talismans
 c - a beast talisman
 d - a flux talisman (active)
Scrolls
 a - a scroll of amnesia {unknown}
 f - a scroll of vulnerability {unknown}
 k - 2 scrolls of noise
 p - a scroll of fear {unknown}
 r - 2 scrolls of brand weapon
 t - a scroll of immolation {unknown}
 D - a scroll of enchant weapon
 E - a scroll of revelation
 F - a scroll of enchant armour
Potions
 j - a potion of ambrosia
 u - a potion of enlightenment
 z - a potion of mutation


   Skills:
 - Level 8.0 Fighting
 + Level 5.3 Dodging
 - Level 10.0 Unarmed Combat
 + Level 8.2 Shapeshifting


You had 8 spell levels left.
You didn't know any spells.
Your spell library contained the following spells:

 Spells                   Type           Power      Damage    Failure   Level
 Freeze                   Ice            0%         1d3       14%         1
 Summon Small Mammal      Summ           0%         N/A       14%         1
 Call Imp                 Summ           0%         N/A       21%         2
 Jinxbite                 Hex            0%         N/A       21%         2
 Sublimation of Blood     Necr           0%         N/A       21%         2
 Call Canine Familiar     Summ           0%         N/A       38%         3
 Dazzling Flash           Conj/Hex       0%         N/A       38%         3
 Frozen Ramparts          Ice            0%         1d1       38%         3
 Hailstorm                Conj/Ice       0%         3d5       38%         3
 Inner Flame              Hex/Fire       0%         N/A       38%         3
 Volatile Blastmotes      Fire/Tloc      0%         2d10      38%         3
 Summon Blazeheart Golem  Fire/Summ      0%         N/A       77%         4
 Irradiate                Conj/Alch      0%         3d11      98%         5
 Yara's Violent Unravell  Hex/Alch       0%         3d3       98%         5
 Starburst                Conj/Fire      0%         6d3       100%        6
 Enfeeble                 Hex            0%         N/A       100%        7
 Orb of Destruction       Conj           0%         9d5       100%        7
 Spellforged Servitor     Conj/Summ      0%         N/A       100%        7
 Summon Hydra             Summ           0%         N/A       100%        7
 Ignition                 Fire           0%         3d3       100%        8
 Maxwell's Capacitive Co  Air            0%         ∞         100%        8


Dungeon Overview and Level Annotations

Branches:
Dungeon (7/15)             Temple (1/1) D:6

Altars:
Ashenzari
Elyvilon
Fedhas
Gozag
Hepliaklqana
Makhleb
Nemelex Xobeh
Okawaru
Qazlal
Ru
Sif Muna
Xom
Yredelemnul
The Shining One

Shops:
D:2 :   D:7 (*


Innate Abilities, Weirdness & Mutations

You are something dangerously unstable.
You glow with magical radiation, making you easy to see and hit.
Foes you strike become dangerously contaminated with magical radiation.
You are incapable of wielding weapons or throwing items.
((You are very nimble when in or above water. (Stealth+, EV+, Speed+++)))
Your lower body shifts to a powerful aquatic tail in water.


Message History

The steam dragon bites you. The steam dragon closely misses you.
You punch the steam dragon!
The steam dragon glows dangerously bright.
The steam dragon is heavily wounded.
The steam dragon misses you. The steam dragon closely misses you.
You barely miss the steam dragon.
The steam dragon is heavily wounded.
The steam dragon breathes steam at you. The ball of steam hits you!
You hear an angry hiss.
You hit the steam dragon but do no damage.
The steam dragon shudders as magic cascades through it.
The steam dragon twists and deforms.
The steam dragon is severely wounded.
You are engulfed in a cloud of scalding steam.
You punch the steam dragon!
The steam dragon begins to glow.
The steam dragon is almost dead.
You are engulfed in a cloud of scalding steam.
The steam dragon bites you. The steam dragon closely misses you.
You hit the steam dragon but do no damage.
The steam dragon glows dangerously bright.
The steam dragon is almost dead.
You are engulfed in a cloud of scalding steam.
The steam dragon bites you. The steam dragon completely misses you.
You barely miss the steam dragon.
The steam dragon is almost dead.
You are engulfed in a cloud of scalding steam.
* * * LOW HITPOINT WARNING * * *
The steam dragon bites you!
* * * LOW HITPOINT WARNING * * *
The steam dragon barely misses you.
You can't wield anything in your present form.
You feel better.
You are engulfed in a cloud of scalding steam.
* * * LOW HITPOINT WARNING * * *
The steam dragon misses you. x2
You hit the steam dragon.
You kill the steam dragon!
You are engulfed in a cloud of scalding steam.
You die...

##... ....# .....##. ....
##...... . #.#########..
##......#...
.............. .......#...
...#########.##...D......
.....#######.#..#.....#
...#.#.........###....##
####.#..+ +.....p†.>...#
........+ +.>......###....
........+++.........###...
#.###...†................
#..##...............####.
....................#
....(...............#
#####...............# #
##..............#


There were no monsters in sight!

Vanquished Creatures
  Prince Ribbit (D:7)
  Sigmund (D:4)
  2 steam dragons
  Menkaure (D:7)
  An orc warrior (D:6)
  An ice beast (D:6)
  4 ogres
  4 phantoms
  A kobold brigand (D:7)
  A gnoll sergeant (D:6)
  A scorpion (D:5)
  A howler monkey (D:7)
  5 bombardier beetles
  3 hounds
  3 jellies
  7 orc priests
  A sleepcap (D:3)
  Jessica (D:2)
  5 iguanas
  Ijyb (D:4)
  6 orc wizards
  5 gnolls
  11 adders
  A shadow imp (D:5)
  2 white imps
  3 dart slugs
  33 orcs
  6 bats
  6 endoplasms
  14 goblins
  5 hobgoblins
  5 jackals
  8 kobolds
  3 quokkas
  9 ball pythons
  5 frilled lizards
  4 rats
171 creatures vanquished.

Notes
Turn   | Place    | Note
-------+----------+-------------------------------------------
     0 | D:1      | AgateBread the Merfolk Shapeshifter began the quest for the
                  | Orb.
     0 | D:1      | Reached XP level 1. HP: 15/15 MP: 1/1
   273 | D:1      | Reached XP level 2. HP: 21/21 MP: 2/2
   592 | D:1      | You fall into a shaft and drop 1 floor!
   690 | D:2      | Found Gariy's Book Shoppe.
  1014 | D:1      | Reached XP level 3. HP: 27/27 MP: 3/3
  1407 | D:2      | Reached skill level 4 in Unarmed Combat
  1441 | D:2      | Reached XP level 4. HP: 32/34 MP: 4/4
  1776 | D:2      | Noticed Jessica
  1785 | D:2      | Killed Jessica
  1786 | D:2      | Reached skill level 5 in Shapeshifting
  2043 | D:3      | Reached XP level 5. HP: 41/41 MP: 5/5
  2492 | D:3      | Found a stormy altar of Qazlal.
  2584 | D:3      | Reached XP level 6. HP: 12/48 MP: 6/6
  3067 | D:3      | Found a broken altar of Ashenzari.
  3067 | D:3      | Found a blossoming altar of Fedhas.
  3067 | D:3      | Found a sparkling altar of Nemelex Xobeh.
  3154 | D:3      | Reached skill level 5 in Unarmed Combat
  3653 | D:4      | Noticed a steam dragon
  3659 | D:4      | Killed a steam dragon
  3799 | D:4      | Noticed Sigmund
  3814 | D:3      | Reached XP level 7. HP: 47/55 MP: 7/7
  4763 | D:4      | Found a sacrificial altar of Ru.
  5143 | D:4      | Killed Sigmund
  5144 | D:4      | Reached skill level 5 in Fighting
  5144 | D:4      | Reached skill level 6 in Unarmed Combat
  5248 | D:4      | Noticed Ijyb
  5264 | D:4      | Killed Ijyb
  5687 | D:5      | Entered Level 5 of the Dungeon
  5747 | D:5      | Reached XP level 8. HP: 46/64 MP: 8/8
  5970 | D:5      | Reached skill level 7 in Unarmed Combat
  7943 | D:5      | Reached skill level 8 in Unarmed Combat
  8233 | D:6      | Found a shimmering altar of Xom.
  8355 | D:5      | Reached XP level 9. HP: 57/74 MP: 9/9
  8727 | D:6      | Reached skill level 9 in Unarmed Combat
  9520 | D:6      | Found a white marble altar of Elyvilon.
  9844 | D:6      | Found a staircase to the Ecumenical Temple.
  9897 | Temple   | Entered the Ecumenical Temple
 10243 | D:7      | Found Bulilest's Antique Weapon Boutique.
 10520 | D:7      | Found Jiass's General Store.
 10538 | D:7      | Bought a scroll of revelation for 97 gold pieces
 10538 | D:7      | Bought a scroll of enchant armour for 97 gold pieces
 10592 | D:7      | Noticed Prince Ribbit
 10623 | D:7      | Killed Prince Ribbit
 10624 | D:7      | Reached skill level 5 in Dodging
 10652 | D:7      | Noticed Menkaure
 10660 | D:7      | Killed Menkaure
 10661 | D:7      | Reached skill level 10 in Unarmed Combat
 10669 | D:7      | Engulfed by a cloud of steam

Illustrated notes

Levels and vault maps discovered:
D:1:      dpeg_arrival_subterranean_lakeside_camping, layout_basic
D:2:      layout_loops_cross, serial_shops, nicolae_book_shop_shelving,
          kennysheep_boxes, uniq_jessica
D:3:      layout_basic, nicolae_qazlal_scattered_showers,
          gammafunk_temple_overflow_claw, dreamdust_princess_bridge,
          minmay_misc_feat_alley, grunt_ministairs_1, minivault_25
D:4:      layout_loops_ring, nicolae_ru_great_annihilating_truth,
          nicolae_elevator_lobby_plus, uniq_sigmund, uniq_ijyb
D:5:      minmay_evil_eye, layout_basic
D:6:      layout_rooms, mainiacjoe_overflow_concentric_impassable,
          elyvilon_altar_3, temple_green
D:7:      layout_rooms, mainiacjoe_overflow_small_starburst, serial_shops, shop,
          nicolae_shop_window_shopping, nicolae_shop_tiny_real_fake_doors,
          hangedman_decor_peaks_small, uniq_prince_ribbit1, uniq_menkaure,
          uniq_maurice
Temple:   nicolae_temple_bog_church

Skill      XL: |  1  2  3  4  5  6  7  8  9 |
---------------+----------------------------+-----
Fighting       | 2 3 4 5 7 8 |  8.0
Unarmed Combat | 4 5 6 8 10 | 10.0
Shapeshifting  | 5 6 7 8 |  8.2
Dodging        | 5 |  5.3

Action                     |  1- 3 |  4- 6 |  7- 9 || total
---------------------------+-------+-------+-------++-------
  Melee: Unarmed           |    16 |       |    86 ||   102
         Dagger            |     6 |       |       ||     6
         Punch             |     2 |     3 |    18 ||    23
         Whip              |    56 |   113 |   240 ||   409
  Throw: Throwing net      |       |     1 |     3 ||     4
         Dart              |       |       |    21 ||    21
  Evoke: Wand              |       |       |     7 ||     7
    Use: Scroll            |       |     3 |     5 ||     8
         Potion            |       |       |     3 ||     3
   Stab: Paralysed         |       |       |     1 ||     1
 Armour: Animal skin       |     9 |       |       ||     9
         Leather armour    |    25 |     5 |       ||    30
         Ring mail         |       |    57 |    27 ||    84
         Scale mail        |       |       |   163 ||   163
         Chain mail        |       |       |    19 ||    19
         Skin              |       |       |    14 ||    14
  Dodge: Dodged            |    41 |    68 |   179 ||   288
   Form: Beast             |     1 |       |       ||     1
         Flux              |       |       |     1 ||     1
